 Dungeon Crawl Stone Soup version 0.22-a0-833-g8522bf8 (webtiles) character file.

215 Amnesiac the Digger (level 5, -4/35 HPs)
             Began as a Mummy Earth Elementalist on July 25, 2018.
             Shot with an arrow by a centaur (15 damage)
             ... on level 5 of the Dungeon.
             The game lasted 00:02:31 (1335 turns).

Amnesiac the Digger (Mummy Earth Elementalist)      Turns: 1335, Time: 00:02:32

Health: -4/35      AC:  2    Str: 11    XL:     5   Next: 60%
Magic:  6/11       EV: 12    Int: 22    God:
Gold:   59         SH:  0    Dex: 12    Spells: 3/13 levels left

rFire    x . .     SeeInvis .   b - +1 long sword of Zucuedd {freeze, Int+6 Stlth+}
rCold    + . .     Gourm    .   (no shield)
rNeg     + + +     Faith    .   c - +0 robe
rPois    ∞         Spirit   .   (no helmet)
rElec    .         Reflect  .   (no cloak)
rCorr    .         Harm     .   (no gloves)
MR       .....                  (no boots)
Stlth    +++.......             (no amulet)
HPRegen  0.11/turn              (no ring)
MPRegen  0.12/turn              (no ring)

@: no status effects
A: no food or potions, fire vulnerability, cold resistance 1, negative energy
resistance 3, torment resistance, unbreathing
a: no special abilities


You were on level 5 of the Dungeon.
You were not hungry.

You visited 1 branch of the dungeon, and saw 5 of its levels.

You collected 59 gold pieces.

Inventory:

Hand Weapons
 a - a +2 dagger of draining
 b - the +1 long sword of Zucuedd (weapon) {freeze, Int+6 Stlth+}
   (You found it on level 4 of the Dungeon)

   It has been specially enchanted to freeze those struck by it, causing extra
   injury to most foes and up to half again as much damage against particularly
   susceptible opponents.
   It can also slow down cold-blooded creatures.
   It affects your intelligence (+6).
   It makes you more stealthy.
 d - a +0 short sword
Missiles
 f - 48 stones (quivered)
Armour
 c - a +0 robe (worn)
Scrolls
 e - 2 scrolls of identify {!r, unknown}
 g - a scroll of blinking {!r, unknown}


   Skills:
 - Level 1.5 Dodging
 - Level 1.5 Stealth
 + Level 4.6 Spellcasting
 - Level 0.7 Transmutations
 * Level 4.6 Earth Magic


You had 3 spell levels left.
You knew the following spells:

 Your Spells              Type           Power        Failure   Level  Hunger
a - Sandblast             Erth           ####..       1%          1    N/A
b - Passwall              Tmut/Erth      ###.....     5%          2    N/A
c - Stone Arrow           Conj/Erth      ###...       12%         3    N/A
e - Petrify               Tmut/Erth      ###.....     34%         4    N/A

Your spell library contained the following spells:

 Spells                   Type           Power        Failure   Level  Hunger
 Lee's Rapid Deconstruct  Erth           ####......   41%         5    N/A

Dungeon Overview and Level Annotations

Branches:
Dungeon (5/15)
 Temple: D:4-7

Altars:

Annotations:
D:3 1 exclusion
D:4 Ijyb


Innate Abilities, Weirdness & Mutations

You do not eat or drink.
Your flesh is vulnerable to fire.
You are immune to poison.
Your flesh is cold resistant. (rC+)
You are immune to negative energy. (rN+++)
You are immune to unholy pain and torment.
You can survive without breathing.


Message History

You can't see any susceptible monsters within range! (Use Z to cast anyway.)
Casting: Sandblast (safe; 1% risk of failure)
Confirm with . or Enter, or press ? or * to list all spells.
You can't see any susceptible monsters within range! (Use Z to cast anyway.)
Casting: Sandblast (safe; 1% risk of failure)
Confirm with . or Enter, or press ? or * to list all spells.
You can't see any susceptible monsters within range! (Use Z to cast anyway.)
Casting: Sandblast (safe; 1% risk of failure)
Confirm with . or Enter, or press ? or * to list all spells.
You can't see any susceptible monsters within range! (Use Z to cast anyway.)
Casting: Sandblast (safe; 1% risk of failure)
Confirm with . or Enter, or press ? or * to list all spells.
You can't see any susceptible monsters within range! (Use Z to cast anyway.)
Casting: Sandblast (safe; 1% risk of failure)
Confirm with . or Enter, or press ? or * to list all spells.
You can't see any susceptible monsters within range! (Use Z to cast anyway.)
Casting: Sandblast (safe; 1% risk of failure)
Confirm with . or Enter, or press ? or * to list all spells.
You can't see any susceptible monsters within range! (Use Z to cast anyway.)
Casting: Sandblast (safe; 1% risk of failure)
Confirm with . or Enter, or press ? or * to list all spells.
You can't see any susceptible monsters within range! (Use Z to cast anyway.)
Casting: Sandblast (safe; 1% risk of failure)
Confirm with . or Enter, or press ? or * to list all spells.
You can't see any susceptible monsters within range! (Use Z to cast anyway.)
Casting: Sandblast (safe; 1% risk of failure)
Confirm with . or Enter, or press ? or * to list all spells.
You can't see any susceptible monsters within range! (Use Z to cast anyway.)
Casting: Sandblast (safe; 1% risk of failure)
Confirm with . or Enter, or press ? or * to list all spells.
You can't see any susceptible monsters within range! (Use Z to cast anyway.)
A centaur comes into view.
Casting: Sandblast (safe; 1% risk of failure)
Confirm with . or Enter, or press ? or * to list all spells.
Aiming: Sandblast (safe; 1% risk of failure)
Press: ? - help, Shift-Dir - straight line, f - hound
Aim: a hound (hasn't noticed you)
The blast of sand hits the hound.
The hound is moderately wounded.
The hound barks!
f - 49 stones The centaur shouts!
The centaur wields a shortbow.
The centaur shoots an arrow.
The arrow hits you!
A quokka comes into view.
The centaur shoots an arrow.
The arrow hits you!
* * * LOW HITPOINT WARNING * * *
The hound closely misses you.
You riposte.
You barely miss the hound.
The hound is moderately wounded.
The centaur shoots an arrow.
The arrow barely misses you. The hound misses you.
You see here 2 arrows.
Casting: Sandblast (safe; 1% risk of failure)
Confirm with . or Enter, or press ? or * to list all spells.
Aiming: Sandblast (safe; 1% risk of failure)
Press: ? - help, Shift-Dir - straight line, f/p - hound
Aim: a hound (moderately wounded)
The blast of sand hits the hound.
You kill the hound!
f - 48 stones The centaur shoots an arrow.
The arrow closely misses you.
Casting: Sandblast (safe; 1% risk of failure)
Confirm with . or Enter, or press ? or * to list all spells.
You can't see any susceptible monsters within range! (Use Z to cast anyway.)
The centaur shoots an arrow.
The arrow hits you!
You die...

#..........#.#. #
#.............. ###.
#........#.#.# ###..
#.... ...... #....
###...####.#.# #
....###............#.###.
................†........
.........$......@(.......
......###...#.#.#$.#.###.
............#.#.#..#
............#.#.#..#
###+#.#<......#+#..#
#.............r.
##########....... ...c...
..


You could see a centaur and a quokka.

Vanquished Creatures
  A crimson imp (D:5)
  A bullfrog zombie (D:5)
  A hound (D:5)
  3 worker ants
  An adder (D:4)
  An adder skeleton (D:4)
  A dart slug (D:2)
  4 orcs (D:4)
  2 giant cockroaches (D:1)
  4 goblins
  3 hobgoblins
  A jackal (D:1)
  4 kobolds
  4 bats
  4 frilled lizards
  A leopard gecko skeleton (D:4)
36 creatures vanquished.

Notes
Turn   | Place    | Note
-------+----------+-------------------------------------------
     0 | D:1      | Amnesiac the Mummy Earth Elementalist began the quest for the Orb.
     0 | D:1      | Reached XP level 1. HP: 13/13 MP: 4/4
   162 | D:1      | Reached XP level 2. HP: 16/19 MP: 2/5
   189 | D:1      | You fall through a shaft!
   716 | D:4      | Got a crude long sword
   720 | D:4      | Identified the cursed +1 long sword of Zucuedd {freeze, Int+6 Stlth+} (You found it on level 4 of the Dungeon)
   725 | D:4      | Reached XP level 3. HP: 16/24 MP: 1/7
   735 | D:4      | Reached XP level 4. HP: 17/30 MP: 0/9
   841 | D:4      | Noticed Ijyb
  1132 | D:3      | Learned a level 2 spell: Passwall
  1136 | D:3      | Learned a level 3 spell: Stone Arrow
  1141 | D:3      | Learned a level 4 spell: Petrify
  1196 | D:5      | Entered Level 5 of the Dungeon
  1317 | D:5      | Reached XP level 5. HP: 28/35 MP: 8/11
  1331 | D:5      | Noticed a centaur
  1335 | D:5      | Shot with an arrow by a centaur

Vault maps used:
D:1:      dpeg_arrival_three_bigger_balls, serial_bayou_pond_a, hex_tiny
D:2:      serial_bayou_lagoon_b
D:3:      minmay_lizard_king, uniq_sigmund
D:4:      first_ration, kennysheep_dice, uniq_ijyb
D:5:      makhleb_blood_cavern_becter, uniq_crazy_yiuf_cottage

Skill      XL: |  1  2  3  4 |
---------------+-------------+-----
Spellcasting   | 3 4 |  4.6
Earth Magic    | 3 4 |  4.6
Dodging        | |  1.5
Stealth        | |  1.5
Transmutations | |  0.7

Action                   |  1- 3 |  4- 6 || total
-------------------------+-------+-------++-------
Melee: Unarmed           |    28 |       ||    28
       Short sword       |     7 |       ||     7
       Long sword        |       |     5 ||     5
 Cast: Sandblast         |    25 |    23 ||    48
       Passwall          |       |     1 ||     1
  Use: Scroll            |       |     1 ||     1
 Stab: Sleeping          |       |     1 ||     1
Armor: Robe              |     7 |     2 ||     9
Dodge: Dodged            |    43 |    17 ||    60
       Rpst.: Long sword |     1 |     5 ||     6

Table legend:
 A = Spawn XP
 B = Non-spawn XP
 C = Spawn XP percentage of total XP
 D = Spawn monster count
 E = Non-spawn monster count
 F = Spawn count percentage of total count
 G = Total turns spent on level
                    A         B        C        D         E        F      G
               +---------+---------+-------+---------+---------+-------+---------
         Total |       0 |     308 |   0.0 |       0 |      36 |   0.0 |  1335
               +---------+---------+-------+---------+---------+-------+---------
           D:1 |       0 |      16 |   0.0 |       0 |       9 |   0.0 |   193
           D:2 |       0 |      17 |   0.0 |       0 |       9 |   0.0 |   443
           D:3 |       0 |       7 |   0.0 |       0 |       5 |   0.0 |   304
           D:4 |       0 |      97 |   0.0 |       0 |       9 |   0.0 |   347
           D:5 |       0 |     171 |   0.0 |       0 |       4 |   0.0 |    48
               +---------+---------+-------+---------+---------+-------+---------
